 Dungeon Crawl Stone Soup version 0.30-b1-2-g02819fbbbe (webtiles) character file.

Game seed: 210084541387830491

4572 hark the Basher (level 10, 0/90 HPs)
             Began as a Minotaur Fighter on July 24, 2023.
             Was a Priest of Okawaru.
             Slain by a seven-headed hydra (3 damage)
             ... on level 9 of the Dungeon.
             The game lasted 00:07:44 (7784 turns).

hark the Basher (Minotaur Fighter)                  Turns: 7784, Time: 00:07:46

Health: 0/90       AC: 13    Str: 26    XL:     10   Next: 18%
Magic:  9/9        EV: 11    Int:  5    God:    Okawaru [***...]
Gold:   537        SH:  5    Dex:  9    Spells: 9/9 levels left

rFire   + . .        D - +0 morningstar
rCold   . . .        c - +0 buckler
rNeg    . . .        b - +0 scale mail
rPois   .            (helmet restricted)
rElec   .            G - +0 cloak
rCorr   .            x - +2 pair of gloves
SInv    .            (no boots)
Will    .....        m - amulet of the acrobat Stlth
                     (no ring)
HPRegen 0.35/turn    (no ring)
MPRegen 0.11/turn

%: acrobat
@: no status effects
A: horns 2, retaliatory headbutt, fire resistance 1, wild magic 1, MP-powered
wands
a: Renounce Religion, Heroism


You were on level 9 of the Dungeon.
You worshipped Okawaru.
Okawaru was most pleased with you.
You visited 2 branches of the dungeon, and saw 10 of its levels.

You collected 537 gold pieces.

Inventory:

Hand Weapons
 a - a +0 flail
 w - a +2 flail of draining
 D - a +0 morningstar (weapon)
Armour
 b - a +0 scale mail (worn)
 c - a +0 buckler (worn)
 x - a +2 pair of gloves (worn)
 G - a +0 cloak (worn)
Jewellery
 d - a ring of willpower
 m - an amulet of the acrobat (around neck)
 E - a ring of positive energy
Wands
 s - a wand of paralysis (3)
 t - a wand of polymorph (11)
 y - a wand of digging (3)
 B - a wand of quicksilver (7)
 C - a wand of flame (21)
 F - a wand of iceblast (11)
Scrolls
 f - 6 scrolls of identify
 k - 3 scrolls of magic mapping {unknown}
 n - a scroll of brand weapon {unknown}
 p - a scroll of vulnerability {unknown}
 q - 2 scrolls of enchant armour {unknown}
 r - a scroll of blinking {unknown}
 u - 4 scrolls of fog {unknown}
 v - 4 scrolls of teleportation {unknown}
 A - 3 scrolls of fear {unknown}
Potions
 e - 2 potions of mutation
 g - 3 potions of lignification {unknown}
 h - 2 potions of cancellation
 i - 3 potions of curing
 j - 2 potions of heal wounds {unknown}
 l - 2 potions of haste {unknown}
 o - 2 potions of flight {unknown}
 z - 2 potions of degeneration {unknown}
 H - a potion of magic {unknown}
 I - a potion of might


   Skills:
 + Level 8.7 Fighting
 + Level 11.5 Maces & Flails
 + Level 9.4 Armour
 + Level 4.2 Dodging
 + Level 6.7 Shields


You had 9 spell levels left.
You didn't know any spells.
Your spell library contained the following spells:

 Spells                   Type           Power      Damage    Failure   Level
 Kiss of Death            Conj/Necr      0%         2d5       83%         1
 Sting                    Tmut/Pois      0%         1d3       83%         1
 Cigotuvi's Dreadful Rot  Necr/Pois/Air  0%         N/A       92%         2
 Lesser Beckoning         Tloc           0%         N/A       92%         2
 Poisonous Vapours        Pois/Air       0%         N/A       92%         2
 Confusing Touch          Hex            0%         N/A       99%         3
 Gell's Gravitas          Tloc           0%         N/A       99%         3
 Ignite Poison            Fire/Tmut/Pois 0%         N/A       99%         3
 Ozocubu's Armour         Ice            0%         N/A       99%         3
 Teleport Other           Tloc           0%         N/A       99%         3
 Volatile Blastmotes      Fire/Tloc      0%         2d10      99%         3
 Dispel Undead            Necr           0%         3d6       100%        4
 Fulminant Prism          Conj/Hex       0%         3d5       100%        4
 Iskenderun's Mystic Bla  Conj/Tloc      0%         2d3       100%        4
 Olgreb's Toxic Radiance  Pois           0%         N/A       100%        4
 Freezing Cloud           Conj/Ice/Air   0%         6-21      100%        5
 Lee's Rapid Deconstruct  Erth           0%         3d4*      100%        5
 Metabolic Englaciation   Hex/Ice        0%         N/A       100%        5
 Chain Lightning          Conj/Air       0%         N/A       100%        9
 Fire Storm               Conj/Fire      0%         5d1       100%        9
 Shatter                  Erth           0%         3d5*      100%        9
 Simulacrum               Ice/Necr       Unusable   N/A       N/A         6

Dungeon Overview and Level Annotations

Branches:
Dungeon (9/15)             Temple (1/1) D:5             Orc (0/2) D:9
   Lair: D:8-11

Altars:
Ashenzari
Cheibriados
Dithmenos
Elyvilon
Fedhas
Gozag
Hepliaklqana
Nemelex Xobeh
Okawaru
Qazlal
Sif Muna
Trog
Uskayaw
Vehumet
Wu Jian
Xom
Yredelemnul
Zin
The Shining One

Shops:
D:1 *   D:3 *


Innate Abilities, Weirdness & Mutations

You have a pair of horns on your head.
You reflexively headbutt those who attack you in melee.
Your flesh is heat resistant. (rF+)
Your spells are a little harder to cast, but a little more powerful.
You expend magic power (3 MP) to strengthen your wands.


Message History

You barely miss the seven-headed hydra.
The seven-headed hydra is moderately wounded.
The seven-headed hydra bites you. The seven-headed hydra bites you!
The seven-headed hydra bites you but does no damage.
You block the seven-headed hydra's attack.
The seven-headed hydra bites you.
The seven-headed hydra closely misses you.
The seven-headed hydra bites you but does no damage.
You barely miss the seven-headed hydra.
The seven-headed hydra is moderately wounded.
The seven-headed hydra bites you.
The seven-headed hydra barely misses you.
The seven-headed hydra bites you!
* * * LOW HITPOINT WARNING * * *
The seven-headed hydra bites you but does no damage.
The seven-headed hydra closely misses you.
The seven-headed hydra bites you but does no damage.
You block the seven-headed hydra's attack.
Okay, then.
Nothing quivered!
Okay, then.
Okay, then.
You impale the seven-headed hydra!!
The seven-headed hydra is heavily wounded.
The seven-headed hydra bites you.
* * * LOW HITPOINT WARNING * * *
The seven-headed hydra barely misses you.
The seven-headed hydra completely misses you.
The seven-headed hydra bites you!
* * * LOW HITPOINT WARNING * * *
The seven-headed hydra bites you but does no damage. x2
The seven-headed hydra barely misses you.
It was a potion of cancellation.
Your magical effects are unravelling.
You feel magically purged.
You feel a little less mighty now. The seven-headed hydra bites you.
* * * LOW HITPOINT WARNING * * *
The seven-headed hydra bites you.
You die...

##....#...##
##.......##..#
##....#..## #.#
#########...#
......##.# #.#
#..#.. ......##.#
#.#.# #.###.
......#..# ..:..
#..... ......#..#
#.#.# #.....
......#..# #.#e#
#..... #####.#..##
#.#D# ##...#
......#...## #.#@#
##..#
......#....###○#.#
##..
......#..#..###.###
###
###...#.....#.....#
#..
###...#.....#.....#
#..
......#####.#..#..#
###
..........#.#.....#
###
..........#.#.....#
#).
#####..)....###.###
###


You could see a seven-headed hydra and a deep elf pyromancer.

Vanquished Creatures
  Pikel (D:6)
  Psyche (D:8)
  2 trolls (D:9)
  Prince Ribbit (D:7)
  Sigmund (D:6)
  A yak (D:9)
  Eustachio (D:4)
  2 steam dragons
  An acid dragon (D:9)
  Duvessa (D:6)
  2 ice beasts (D:6)
  An orc warrior (D:7)
  3 ogres
  2 centaurs (D:9)
  A kobold brigand (D:7)
  3 bullfrogs
  A scorpion (D:6)
  Dowan (D:6)
  A killer bee (D:9)
  3 hounds
  2 jellies (D:7)
  5 orc priests
  Jessica (D:2)
  12 orc wizards
  Ijyb (D:4)
  Terence (D:2)
  5 iguanas
  5 sleepcaps
  A centaur simulacrum (D:9)
  4 gnolls (D:3)
  7 adders
  A shadow imp (D:8)
  3 white imps
  2 worms
  3 dart slugs
  26 orcs
  7 ball pythons
  17 endoplasms
  4 giant cockroaches
  6 goblins
  4 hobgoblins
  12 jackals
  4 kobolds
  10 quokkas
  6 bats
  4 frilled lizards
  7 rats
190 creatures vanquished.

Vanquished Creatures (others)
  2 orc wizards
  4 toadstools (D:3)
6 creatures vanquished.

Grand Total: 196 creatures vanquished

Notes
Turn   | Place    | Note
-------+----------+-------------------------------------------
     0 | D:1      | hark the Minotaur Fighter began the quest for the Orb.
     0 | D:1      | Reached XP level 1. HP: 19/19 MP: 0/0
   134 | D:1      | Reached XP level 2. HP: 26/27 MP: 1/1
   460 | D:1      | Reached XP level 3. HP: 33/33 MP: 2/2
   528 | D:1      | Found Pucw's General Store.
   760 | D:2      | Reached skill level 3 in Maces & Flails
   880 | D:2      | Noticed Jessica
   885 | D:2      | Killed Jessica
   886 | D:2      | Reached XP level 4. HP: 38/41 MP: 3/3
  1049 | D:2      | Noticed Terence
  1070 | D:2      | Gained mutation: You expend magic power (3 MP) to
                  | strengthen your wands. [potion of mutation]
  1070 | D:2      | Gained mutation: Your spells are a little harder to cast,
                  | but a little more powerful. [potion of mutation]
  1070 | D:2      | Gained mutation: Your flesh is heat resistant. (rF+)
                  | [potion of mutation]
  1075 | D:2      | Killed Terence
  1076 | D:2      | Reached skill level 1 in Dodging
  1076 | D:2      | Reached XP level 5. HP: 45/47 MP: 4/4
  1329 | D:3      | Found Sayfok's Assorted Antiques.
  1350 | D:3      | Reached skill level 4 in Maces & Flails
  1746 | D:3      | Found a faded altar of an unknown god.
  1844 | D:3      | Reached XP level 6. HP: 39/55 MP: 5/5
  2456 | D:4      | Reached skill level 5 in Fighting
  2456 | D:4      | Reached skill level 5 in Maces & Flails
  2456 | D:4      | Reached skill level 5 in Armour
  2678 | D:4      | Noticed Ijyb
  2683 | D:4      | Paralysed by Ijyb for 4 turns
  2693 | D:4      | Killed Ijyb
  2756 | D:4      | Found an opulent altar of Gozag.
  2761 | D:4      | Reached skill level 5 in Shields
  2854 | D:4      | Reached XP level 7. HP: 33/61 MP: 6/6
  2973 | D:4      | Noticed Eustachio
  2986 | D:4      | Killed Eustachio
  2987 | D:4      | Reached skill level 6 in Maces & Flails
  3289 | D:5      | Entered Level 5 of the Dungeon
  3673 | D:5      | Found a staircase to the Ecumenical Temple.
  3687 | Temple   | Entered the Ecumenical Temple
  3712 | Temple   | Became a worshipper of Warmaster Okawaru
  4339 | D:6      | Reached skill level 7 in Maces & Flails
  4339 | D:6      | Reached XP level 8. HP: 64/70 MP: 7/7
  4516 | D:6      | Found a basalt altar of Yredelemnul.
  4571 | D:6      | Found a shimmering altar of Xom.
  4571 | D:6      | Found a sparkling altar of Nemelex Xobeh.
  4573 | D:6      | Found a shadowy altar of Dithmenos.
  4573 | D:6      | Found a shimmering blue altar of Sif Muna.
  4573 | D:6      | Found a stormy altar of Qazlal.
  4598 | D:6      | Noticed Pikel
  4604 | D:6      | Killed Pikel
  4604 | D:6      | Reached * piety under Okawaru
  4605 | D:6      | Reached skill level 8 in Maces & Flails
  4724 | D:6      | Noticed Sigmund
  4737 | D:6      | Killed Sigmund
  4738 | D:6      | Reached skill level 9 in Maces & Flails
  4795 | D:6      | Reached ** piety under Okawaru
  4892 | D:6      | Reached XP level 9. HP: 64/78 MP: 8/8
  5158 | D:6      | Noticed Dowan
  5159 | D:6      | Noticed Duvessa
  5170 | D:6      | Killed Duvessa
  5173 | D:6      | Killed Dowan
  5341 | D:7      | Found a blossoming altar of Fedhas.
  5422 | D:7      | Noticed Prince Ribbit
  5452 | D:7      | Killed Prince Ribbit
  5587 | D:7      | Found an ornate altar of the Wu Jian Council.
  5707 | D:7      | Reached skill level 10 in Maces & Flails
  5880 | D:7      | Noticed a +0 dagger
  5880 | D:7      | Noticed a +0 falchion
  5880 | D:7      | Noticed a +0 short sword
  5880 | D:7      | Noticed a +0 spear
  5881 | D:7      | Noticed a +0 dagger
  5881 | D:7      | Noticed a +0 short sword
  5881 | D:7      | Noticed a +0 falchion
  5881 | D:7      | Noticed a +0 spear
  6012 | D:7      | Found a hide-covered altar of Uskayaw.
  6260 | D:8      | Noticed Psyche
  6268 | D:8      | Killed Psyche
  6268 | D:8      | Reached *** piety under Okawaru
  6539 | D:8      | Found a sparkling altar of Nemelex Xobeh.
  6987 | D:8      | Identified the +9 long sword of Disgust {freeze, rPois
                  | Int+2}
  7194 | D:9      | Noticed a troll
  7203 | D:9      | Killed a troll
  7369 | D:9      | Found a staircase to the Orcish Mines.
  7404 | D:9      | Reached skill level 11 in Maces & Flails
  7410 | D:9      | Reached XP level 10. HP: 85/90 MP: 9/9
  7775 | D:9      | Noticed a deep elf pyromancer
  7775 | D:9      | Noticed a seven-headed hydra
  7784 | D:9      | HP: 3/90 [seven-headed hydra (3)]
  7784 | D:9      | Slain by a seven-headed hydra

Illustrated notes

Levels and vault maps discovered:
D:1:      dpeg_arrival_tiny_b, layout_loops_cross, serial_shops,
          nicolae_square_shop, minmay_fountain_box, grunt_decor_fettered,
          due_unseen_surprise
D:2:      layout_rooms, grunt_ministairs_12, uniq_terence, uniq_jessica
D:3:      layout_loops_ring, nicolae_ecumenical_lake_church, serial_shops,
          nicolae_shop_window_shopping, minmay_gold_behind_fungi
D:4:      layout_basic, mainiacjoe_overflow_chevrons, item_on_display_a,
          uniq_ijyb, uniq_eustachio
D:5:      dreamdust_elfheim, layout_loops_ring,
          minmay_temple_entry_antechambers, chequers_serial_rivers_micro_a,
          grunt_ministairs_6
D:6:      layout_cave_pods, doesnt_xom_only_xom, uniq_sigmund, uniq_pikel,
          uniq_duvessa
D:7:      minmay_evil_eye, layout_basic, mainiacjoe_overflow_boulevard,
          mainiacjoe_overflow_24_doors, nicolae_uskayaw_en_pointe,
          grunt_decor_one_mirror, uniq_prince_ribbit1
D:8:      layout_cave_pods, kennysheep_little_box, uniq_psyche
D:9:      minmay_the_grid_octo_tiled_octocenter
          [minmay_the_grid_octo_tetromino_candy, minmay_the_grid_octo_odd_swirl,
          minmay_the_grid_octo_fan_narrow, minmay_the_grid_octo_teeth,
          minmay_the_grid_octo_prize_ultimate_mussel_roller,
          minmay_the_grid_square_5x5_intrusive_squares,
          minmay_the_grid_square_5x5_slash, minmay_the_grid_square_5x5_one_wall,
          minmay_the_grid_square_5x5_almost_minimal], layout_stronghold,
          mainiacjoe_overflow_catwalk, lair_entry_dummy, orc_0_dummy
Temple:   nicolae_temple_two_arcs

Skill      XL: |  1  2  3  4  5  6  7  8  9 |
---------------+----------------------------+-----
Fighting       | 4 5 6 8 |  8.7
Armour         | 4 5 6 7 9 |  9.4
Shields        | 4 5 6 |  6.7
Maces & Flails | 3 4 5 7 9 11 | 11.5
Dodging        | 1 2 3 4 |  4.2

Action                     |  1- 3 |  4- 6 |  7- 9 | 10-12 || total
---------------------------+-------+-------+-------+-------++-------
  Melee: Flail             |    78 |   179 |   177 |       ||   434
         Headbutt          |    10 |    24 |    36 |     5 ||    75
         Unarmed           |       |       |     6 |       ||     6
         Morningstar       |       |       |    51 |    30 ||    81
    Use: Potion            |       |     2 |     4 |     2 ||     8
         Scroll            |       |     1 |       |       ||     1
 Armour: Scale mail        |    45 |    75 |    70 |    23 ||   213
  Dodge: Dodged            |    39 |    79 |   118 |    35 ||   271
  Block: Buckler           |    21 |    38 |    48 |     9 ||   116
